 Dungeon Crawl Stone Soup version 0.31-a0-640-g39d97e502b (webtiles) character file.

Game seed: 14756060608562843359

1095 qw the Skirmisher (level 8, -9/50 HPs)
             Began as a Gargoyle Hunter on Aug 27, 2023.
             Mangled by an ogre
             ... wielding a +0 giant spiked club
              (20 damage)
             ... on level 5 of the Dungeon.
             The game lasted 00:01:26 (4307 turns).

qw the Skirmisher (Gargoyle Hunter)                 Turns: 4307, Time: 00:01:27

Health: -9/50      AC: 10    Str: 16    XL:     8   Next: 31%
Magic:  8/8        EV: 11    Int:  9    God:
Gold:   288        SH:  0    Dex: 15    Spells: 7/7 levels left

rFire   . . .        d - +2 sling (heavy)
rCold   + . .        (no shield)
rNeg    + . .        k - +0 ring mail
rPois   inf          (no helmet)
rElec   +            (no cloak)
rCorr   .            (no gloves)
SInv    .            (no boots)
Will    .....        f - amulet of the acrobat
Stlth   +            a - ring of protection from cold
HPRegen 0.28/turn    (no ring)
MPRegen 0.11/turn

%: acrobat
@: no status effects
A: sickness immunity, AC +5, negative energy resistance 1, electricity
resistance, torment resistance 1, petrification resistance
a: no special abilities


You were on level 5 of the Dungeon.
You visited 1 branch of the dungeon, and saw 5 of its levels.

You collected 288 gold pieces.


Innate Abilities, Weirdness & Mutations

You are immune to sickness and miasma.
Your stone body is resilient. (AC +5)
You are immune to poison.
You resist negative energy. (rN+)
You are resistant to electric shocks. (rElec)
You are resistant to unholy torment.
You are immune to petrification.


   Skills:
 - Level 5.5 Fighting
 + Level 8.9 Ranged Weapons
 - Level 1.2 Armour
 - Level 2.3 Dodging
 - Level 1.1 Stealth


You had 7 spell levels left.
You didn't know any spells.
Your spell library was empty.

Inventory:

Hand Weapons
 d - a +2 heavy sling (weapon)
Armour
 k - a +0 ring mail (worn)
Jewellery
 a - a ring of protection from cold (left hand)
 e - a ring of fire
 f - an amulet of the acrobat (around neck)
Scrolls
 g - a scroll of identify
 j - a scroll of amnesia {unknown}
 Y - 2 scrolls of enchant armour
Potions
 b - a potion of invisibility {unknown}
 c - a potion of enlightenment {unknown}
 h - a potion of curing
 i - a potion of lignification {unknown}
 l - a potion of haste {unknown}
 m - a potion of cancellation {unknown}

Dungeon Overview and Level Annotations

Branches:
Dungeon (5/15)
 Temple: D:4-7

Altars:
Cheibriados
Fedhas
Makhleb
Qazlal
Uskayaw

Shops:
D:1 (   D:4 (   D:5 *


Message History

You now have 288 gold pieces (gained 4).
You see here 3 stones.
You see here 7 stones.
You see here 7 stones.
You see here 3 stones.
Found a stormy altar of Qazlal.
Enter note:
Enter note:
Enter note:
Found 3 scrolls of revelation.
Found a spear.
You see here 3 scrolls of revelation.
An ogre is nearby!
You shoot a sling bullet.
The sling bullet completely misses the ogre.
The ogre shouts!
You hear a shout! x2
You shoot a sling bullet. The sling bullet hits the ogre!
The ogre is heavily wounded.
You shoot a sling bullet. The sling bullet hits the ogre!
The ogre is severely wounded.
The ogre hits you with a +0 giant spiked club!!
Ouch! That really hurt!
You shoot a sling bullet. The sling bullet hits the ogre.
The ogre is severely wounded.
The ogre hits you with a +0 giant spiked club!
You shoot a sling bullet. The sling bullet hits the ogre.
The ogre is almost dead.
The ogre barely misses you.
You shoot a sling bullet.
The sling bullet barely misses the ogre.
The ogre closely misses you.
You shoot a sling bullet.
The sling bullet completely misses the ogre.
The ogre hits you with a +0 giant spiked club.
You shoot a sling bullet. The sling bullet hits the ogre.
The ogre is almost dead.
The ogre barely misses you.
The ogre hits you with a +0 giant spiked club!!
You die...

.#.....#.###.#.....#.###.#.....#.
.##...###...###...###..%###...###
.#.###.#.....#.###.#.....#.###.##
#...#...#...#...#...#...#...#...#
#...#...#####...#...#####...#...#
#...#...#...#...#...#...#...#...#
##.###.#...[.#.###.#.....#.###.##
.##...###...###...###...###...##.
.#.....#.###.#..@O.#.###.#.....#[
..#...#...#...#...#...#...#..(#..
..#####...#...#####...#...#####.<
..#...#...#...#...#...#...# #..
.#...%.#.###.#.....#.###.#. ...##
.##...###...###...###...###...#
...###.....## ##### #... ###
.......##### ..... ######## ....


You could see an ogre.

Vanquished Creatures
  Prince Ribbit (D:5)
  A water moccasin (D:5)
  An ogre (D:5)
  A phantom (D:5)
  A bullfrog (D:4)
  2 scorpions
  3 hounds
  An iguana (D:4)
  An orc wizard (D:4)
  13 gnolls
  8 adders
  A white imp (D:5)
  An ufetubus (D:5)
  3 dart slugs
  2 worms
  6 orcs
  5 ball pythons
  8 bats
  10 endoplasms
  5 giant cockroaches
  4 goblins
  6 hobgoblins
  2 jackals (D:2)
  5 kobolds
  5 quokkas
  3 frilled lizards
  6 rats
105 creatures vanquished.

Notes
Turn   | Place    | Note
-------+----------+-------------------------------------------
     0 | D:1      | qw the Gargoyle Hunter began the quest for the Orb.
     0 | D:1      | Reached XP level 1. HP: 12/12 MP: 1/1
     0 | D:1      | 0 ||| qw: Version: 0.3-a-74-g0d5e918
     0 | D:1      | 0 ||| qw: Game counter: 139
     0 | D:1      | 0 ||| qw: Melee chars always use a shield: true
     0 | D:1      | 0 ||| qw: God list: Okawaru
     0 | D:1      | 0 ||| qw: Allow faded altars: false
     0 | D:1      | 0 ||| qw: Do Orc after clearing Dungeon:15 true
     0 | D:1      | 0 ||| qw: Do second Lair branch before Depths: true
     0 | D:1      | 0 ||| qw: Lair rune preference: random
     0 | D:1      | 0 ||| qw: Goals: Normal
     0 | D:1      | 0 ||| PLANNING D:1-11
    42 | D:1      | Reached XP level 2. HP: 16/17 MP: 2/2
    51 | D:1      | 51 ||| SWAPPING to +2 heavy sling.
    52 | D:1      | 52 ||| DROPPING +0 shortbow.
   239 | D:1      | Found Utut's Weapon Boutique.
   961 | D:1      | 961 ||| UPGRADING to amulet of the acrobat.
   966 | D:1      | 966 ||| READING scroll labelled RAEV ESSITICIP.
   967 | D:1      | 967 ||| READING 2 scrolls labelled MOVAAH TUOSA.
   968 | D:1      | 968 ||| READING scroll labelled XUBLYU AJAET.
   969 | D:1      | 969 ||| DROPPING scroll of butterflies.
   970 | D:1      | 970 ||| DROPPING scroll of revelation.
   990 | D:2      | Reached skill level 5 in Ranged Weapons
   990 | D:2      | Reached XP level 3. HP: 20/21 MP: 3/3
  1099 | D:2      | Reached skill level 3 in Fighting
  1102 | D:2      | Reached XP level 4. HP: 26/28 MP: 4/4
  1418 | D:2      | Found a faded altar of an unknown god.
  1624 | D:2      | 1624 ||| UPGRADING to +0 ring mail.
  1634 | D:2      | 1634 ||| DROPPING +0 leather armour.
  1635 | D:2      | 1635 ||| UPGRADING to ring of protection from cold.
  1636 | D:2      | 1636 ||| READING scroll labelled ZOSKYC HUSOYZXEAD.
  1637 | D:2      | 1637 ||| READING 3 scrolls labelled KEHIETT WAACIDA.
  1699 | D:3      | Reached skill level 1 in Armour
  1722 | D:3      | 1722 ||| Stepping ~*~*~tactically~*~*~ (retreating).
  1723 | D:3      | HP: 7/28 [gnoll/+0 spear (4)]
  1724 | D:3      | Reached XP level 5. HP: 8/32 MP: 5/5
  1724 | D:3      | 1724 ||| READING 2 scrolls of teleportation.
  2043 | D:3      | Reached skill level 6 in Ranged Weapons
  2405 | D:3      | 2405 ||| READING scroll labelled ZERUWK YSCHO.
  2406 | D:3      | 2406 ||| READING scroll labelled SOPTUH DUPLO.
  2407 | D:3      | 2407 ||| READING 3 scrolls labelled HIN QIUM GUOWKYM.
  2408 | D:3      | 2408 ||| DRINKING 3 bubbling dark potions.
  2409 | D:3      | 2409 ||| READING 2 scrolls of identify.
  2409 | D:3      | 2409 ||| IDENTIFYING emerald potion
  2507 | D:4      | 2507 ||| Stepping ~*~*~tactically~*~*~ (outnumbered).
  2513 | D:4      | HP: 7/33 [gnoll/+0 halberd (9)]
  2514 | D:4      | 2514 ||| READING scroll of teleportation.
  2514 | D:4      | HP: 1/33 [gnoll/+0 halberd (6)]
  2515 | D:4      | 2515 ||| DRINKING 2 potions of heal wounds.
  2517 | D:4      | 2517 ||| DRINKING potion of heal wounds.
  2524 | D:4      | 2524 ||| FLEEEEING.
  2530 | D:4      | 2530 ||| FLEEEEING.
  2531 | D:4      | 2531 ||| FLEEEEING.
  2544 | D:4      | 2544 ||| FLEEEEING.
  2546 | D:4      | Reached XP level 6. HP: 33/38 MP: 6/6
  2631 | D:4      | Found Veczeaqa's Weapon Shop.
  2850 | D:4      | Found a hide-covered altar of Uskayaw.
  2985 | D:4      | Found a blossoming altar of Fedhas.
  3145 | D:4      | Reached skill level 7 in Ranged Weapons
  3305 | D:4      | Found a burning altar of Makhleb.
  3346 | D:4      | Reached XP level 7. HP: 17/43 MP: 7/7
  3443 | D:4      | Found a snail-covered altar of Cheibriados.
  3556 | D:4      | 3556 ||| DROPPING +6 ring of intelligence.
  3585 | D:5      | Entered Level 5 of the Dungeon
  3720 | D:5      | Reached skill level 8 in Ranged Weapons
  3765 | D:5      | Noticed Prince Ribbit
  3772 | D:5      | Killed Prince Ribbit
  3823 | D:5      | 3823 ||| FLEEEEING.
  3854 | D:5      | Reached XP level 8. HP: 49/50 MP: 8/8
  4076 | D:5      | 4076 ||| RETREATING.
  4081 | D:5      | 4081 ||| Stepping ~*~*~tactically~*~*~ (retreating).
  4082 | D:5      | 4082 ||| Stepping ~*~*~tactically~*~*~ (retreating).
  4083 | D:5      | 4083 ||| Stepping ~*~*~tactically~*~*~ (retreating).
  4086 | D:5      | 4086 ||| Stepping ~*~*~tactically~*~*~ (outnumbered).
  4086 | D:5      | HP: 12/50 [gnoll sergeant/+3 heavy spear (13)]
  4087 | D:5      | 4087 ||| READING scroll of teleportation.
  4088 | D:5      | 4088 ||| DRINKING potion of heal wounds.
  4089 | D:5      | 4089 ||| Stepping ~*~*~tactically~*~*~ (retreating).
  4089 | D:5      | Found Ippat's Overcharged Wands.
  4215 | D:5      | Found a stormy altar of Qazlal.
  4303 | D:5      | HP: 12/50 [ogre/+0 giant spiked club (13)]
  4307 | D:5      | Mangled by an ogre

Levels and vault maps discovered:
D:1:      co_arrival_random_square_maze, layout_loops_corners, serial_shops,
          shop_fountains, patterned_corridor
D:2:      layout_loops_cross, ebering_ecumenical_altar_webs,
          kennysheep_generic_room_2
D:3:      layout_loops_cross, amcnicky_mini_rare_corridor_liquid
D:4:      layout_basic, fedhas_altar_decomposition,
          eat_drink_and_be_merry_uskayaw, mainiacjoe_overflow_two_lobes,
          serial_shops, nicolae_shop_bloodbath_and_beyond
D:5:      nicolae_cairo_tiling, layout_rooms, mainiacjoe_overflow_alcove_1,
          nicolae_shop_overcharged_wands, uniq_prince_ribbit1

Skill      XL: |  1  2  3  4  5  6  7 |
---------------+----------------------+-----
Ranged Weapons | 5 6 7 8 |  8.9
Fighting       | 3 4 5 |  5.5
Armour         | 1 |  1.2
Dodging        | 2 |  2.3
Stealth        | |  1.1

Action                     |  1- 3 |  4- 6 |  7- 9 || total
---------------------------+-------+-------+-------++-------
   Fire: Shortbow          |    14 |       |       ||    14
         Sling             |    43 |   154 |    68 ||   265
    Use: Scroll            |     3 |     8 |     1 ||    12
         Potion            |       |     3 |     1 ||     4
 Armour: Leather armour    |    17 |     4 |       ||    21
         Ring mail         |       |    28 |    25 ||    53
  Dodge: Dodged            |    22 |    57 |    31 ||   110

Table legend:
 A = Non-vault XP
 B = Vault XP
 C = Vault XP percentage of total XP
 D = Non-vault monster count
 E = Vault monster count
 F = Vault count percentage of total count
                 A         B        C        D         E       F
            +---------+---------+-------+---------+---------+-------
      Total |    1295 |     270 |  17.3 |     102 |       3 |   2.9
            +---------+---------+-------+---------+---------+-------
        D:1 |      29 |       0 |   0.0 |      13 |       0 |   0.0
        D:2 |      97 |       2 |   2.0 |      28 |       2 |   6.7
        D:3 |     135 |       0 |   0.0 |      28 |       0 |   0.0
        D:4 |     369 |       0 |   0.0 |      18 |       0 |   0.0
        D:5 |     665 |     268 |  28.7 |      15 |       1 |   6.2
            +---------+---------+-------+---------+---------+-------
